 Dungeon Crawl Stone Soup version 0.28-a0-1594-ga885d4b3d6 (webtiles) character file.

Game seed: 15706341073362137869

160 fragbeetle the Slasher (level 5, 0/43 HPs)
             Began as a Palentonga Abyssal Knight on Jan 20, 2022.
             Was a Believer of Lugonu.
             Slain by a white imp (2 damage)
             ... on level 7 of the Dungeon.
             The game lasted 00:05:10 (2865 turns).

fragbeetle the Slasher (Palentonga Abyssal Knight)  Turns: 2865, Time: 00:05:11

Health: 0/43       AC:  6    Str: 19    XL:     5   Next: 17%
Magic:  7/7        EV:  8    Int: 10    God:    Lugonu [**....]
Gold:   38         SH:  0    Dex: 10    Spells: 1/4 levels left

rFire   . . .      SeeInvis +   a - +1 falchion
rCold   . . .      Faith    .   (no shield)
rNeg    . . .      Spirit   .   o - +0 ring mail
rPois   .          Reflect  .   n - +0 helmet
rElec   .          Harm     .   (no cloak)
rCorr   .          Rampage  .   (no gloves)
Will    .....                   (no barding)
Stlth   ..........              (no amulet)
HPRegen 0.14/turn               (no ring)
MPRegen 0.10/turn               (no ring)

@: no status effects
A: large, rugged brown scales 3, see invisible, deformed body, roll 1, armoured
tail
a: Rolling Charge, Renounce Religion, Depart the Abyss, Bend Space


You were on level 7 of the Dungeon.
You worshipped Lugonu.
Lugonu was pleased with you.
You visited 1 branch of the dungeon, and saw 6 of its levels.
You visited the Abyss 1 time.

You collected 38 gold pieces.

Inventory:

Hand Weapons
 a - a +1 falchion (weapon)
Missiles
 c - 22 stones
 h - 12 boomerangs
 m - 18 arrows
Armour
 n - a +0 helmet (worn)
 o - a +0 ring mail (worn)
Wands
 i - a wand of flame (12)
Scrolls
 d - 3 scrolls of identify {unknown}
 e - a scroll of teleportation {unknown}
 f - a scroll of enchant armour {unknown}
 k - 2 scrolls of enchant weapon {unknown}
 l - a scroll of amnesia {unknown}
 p - a scroll of noise {unknown}
Potions
 b - a potion of heal wounds {unknown}
 g - a potion of haste {unknown}
 j - 2 potions of attraction {unknown}


   Skills:
 - Level 3.1 Fighting
 * Level 4.3 Long Blades
 - Level 1.5 Armour
 - Level 0.7 Dodging
 + Level 1.0 Conjurations
 + Level 3.5 Invocations


You had one spell level left.
You knew the following spells:

 Your Spells              Type           Power      Damage    Failure   Level
a - Mephitic Cloud        Conj/Pois/Air  0%         N/A       86%         3

Your spell library contained the following spells:

 Spells                   Type           Power      Damage    Failure   Level
 Corpse Rot               Necr/Air       0%         N/A       69%         2
 Poisonous Vapours        Pois/Air       0%         N/A       69%         2
 Ignite Poison            Fire/Tmut/Pois 0%         N/A       89%         3
 Freezing Cloud           Conj/Ice/Air   0%         6-21      100%        5


Dungeon Overview and Level Annotations

Branches:
Dungeon (7/15)
 Temple: D:4-7

Altars:

Annotations:
D:3 3 runed translucent doors, comborobin's ghost, amateur GnBr


Innate Abilities, Weirdness & Mutations

You are completely covered in rugged brown scales. (AC +3, +7% HP)
You have supernaturally acute eyesight. (SInv)
Armour fits poorly on your strangely shaped body.
You can roll at nearby foes to attack.
You have a long armoured tail.


Message History

There is a stone staircase leading up here.
Found a helmet.
You see here a +0 glaive.
k - 2 scrolls labelled ADAER FEDEAJEDDIT (gained 1)
You see here a +0 glaive.
There is a stone staircase leading up here.
You climb upwards.
Found a war axe and a scroll labelled DAIKLA GANGUST.
There is a stone staircase leading down here.
You climb downwards.
There is a stone staircase leading up here.
A white imp comes into view.
The white imp shouts, "Remove thy stench, thou tottering doghearted guttersnipe!"
The white imp lashes its tail.
The white imp gestures at you. The puff of frost hits you!
The white imp gestures at you. The puff of frost hits you!
The white imp gestures at you. The puff of frost hits you!
You hit the white imp.
The white imp is heavily wounded.
The white imp hits you. The white imp freezes you.
* * * LOW HITPOINT WARNING * * *
You hit the white imp but do no damage. You punch the white imp.
The white imp is severely wounded.
The white imp hits you.
* * * LOW HITPOINT WARNING * * *
The white imp freezes you.
* * * LOW HITPOINT WARNING * * *
You barely miss the white imp.
The white imp is severely wounded.
The white imp hits you but does no damage.
You hit the white imp but do no damage.
The white imp is severely wounded.
The white imp sputters.
The white imp hits you.
* * * LOW HITPOINT WARNING * * *
The white imp freezes you.
You die...

..........
..........
.........##
..........##
...........##
............##
......5......#
.......@.....#
.............#
.............#
.............#
.............#
............##
............#
............##
...[............#


You could see a white imp.

Vanquished Creatures
  A water moccasin skeleton (D:4)
  An iguana (D:2)
  3 adders
  2 dart slugs
  2 bats
  5 endoplasms
  A giant cockroach (D:1)
  6 hobgoblins
  4 jackals (D:1)
  3 kobolds (D:1)
  A quokka (D:1)
  3 ball pythons
  3 frilled lizards (D:2)
  10 goblins
  10 rats
55 creatures vanquished.

Vanquished Creatures (others)
  11 plants (D:1)
11 creatures vanquished.

Grand Total: 66 creatures vanquished

Notes
Turn   | Place    | Note
-------+----------+-------------------------------------------
     0 | Abyss:1  | fragbeetle the Palentonga Abyssal Knight began the quest
                  | for the Orb.
     0 | Abyss:1  | Reached XP level 1. HP: 19/19 MP: 2/2
    28 | D:1      | Escaped the Abyss
   342 | D:1      | Reached XP level 2. HP: 23/25 MP: 3/3
   623 | D:1      | Found a faded altar of an unknown god.
   629 | D:1      | Reached ** piety under Lugonu
  1163 | D:2      | Reached skill level 3 in Long Blades
  1163 | D:2      | Reached XP level 3. HP: 31/31 MP: 4/4
  1490 | D:2      | Reached XP level 4. HP: 33/37 MP: 6/6
  2086 | D:3      | Learned a level 3 spell: Mephitic Cloud
  2379 | D:3      | Found a runed translucent gate.
  2379 | D:3      | Noticed comborobin's ghost (amateur GnBr)
  2384 | D:3      | Noticed a kobold brigand
  2393 | D:3      | Found a runed translucent gate.
  2393 | D:3      | Found a runed translucent gate.
  2594 | D:3      | Noticed an ogre
  2605 | D:3      | Reached skill level 4 in Long Blades
  2638 | D:4      | Reached XP level 5. HP: 29/43 MP: 7/7
  2766 | D:4      | Reached skill level 1 in Conjurations
  2816 | D:4      | You fall into a shaft and drop 3 floors!
  2844 | D:6      | Noticed an ice beast
  2865 | D:7      | HP: 2/43 [white imp (2)]
  2865 | D:7      | Slain by a white imp

Illustrated notes

Levels and vault maps discovered:
D:1:      lightli_arrival_lavapool, layout_loops_ring,
          ebering_ecumenical_altar_petrified, minmay_misc_feat_hallway,
          minmay_misc_feat_nine_boxes, serial_bayou_lake_a
D:2:      layout_basic
D:3:      layout_rooms, gammafunk_ghost_nasty_kobolds, minivault_14,
          minmay_misc_feat_tower, minmay_ogre_servants
D:4:      layout_basic, minmay_misc_feat_room, interstate_on_off, uniq_robin,
          uniq_menkaure
D:6:      layout_rooms, temple_fountains, uniq_pikel, uniq_maggie,
          uniq_eustachio
D:7:      layout_layer_cave, minivault_23

Skill      XL: |  1  2  3  4  5 |
---------------+----------------+-----
Long Blades    | 3 4 |  4.3
Invocations    | 3 |  3.5
Conjurations   | 1 |  1.0
Fighting       | |  3.1
Armour         | |  1.5
Dodging        | |  0.7

Action                   |  1- 3 |  4- 6 || total
-------------------------+-------+-------++-------
Melee: Falchion          |    80 |    50 ||   130
       Tailslap          |    11 |     8 ||    19
       Punch             |     1 |     2 ||     3
Throw: Boomerang         |       |     6 ||     6
 Abil: Rolling Charge    |       |     2 ||     2
Armor: Leather armour    |    23 |    12 ||    35
       Ring mail         |       |    15 ||    15
Dodge: Dodged            |    37 |    20 ||    57

Table legend: (Time is in decaauts)
 A = Elapsed time spent in this place.
 B = Non-inter-level travel time spent in this place.
 C = Inter-level travel time spent in this place.
 D = Time resting spent in this place.
 E = Time spent auto-exploring this place.
 F = Levels seen in this place.
 G = Mean time per level.
                   A        B        C        D        E       F      G
               +--------+--------+--------+--------+--------+-----+--------+
         Total |   2912 |   2876 |     36 |    348 |   1929 |   7 |  416.0 |
       Dungeon |   2884 |   2848 |     36 |    348 |   1929 |   6 |  480.7 |
         Abyss |     28 |     28 |      0 |      0 |      0 |   1 |   28.0 |
               +--------+--------+--------+--------+--------+-----+--------+

Top non-repeatable levels by time:
     D:1: 1152 daAuts
     D:2: 890 daAuts
     D:3: 604 daAuts
     D:4: 187 daAuts
     D:7: 47 daAuts
 Abyss:1: 28 daAuts
     D:6: 1 daAuts
